 Dungeon Crawl Stone Soup version 0.21.1-1-g345015f (webtiles) character file.

840 shakethe the Cudgeler (level 7, -5/55 HPs)
             Began as a Demonspawn Fighter on Feb 17, 2018.
             Was a Follower of Ru.
             Killed by nerve-wracking pain
             ... invoked by a shadow imp
              (11 damage)
             ... on level 4 of the Dungeon.
             The game lasted 00:11:59 (4873 turns).

shakethe the Cudgeler (Demonspawn Fighter)          Turns: 4873, Time: 00:11:59

Health: -5/55      AC: 13    Str: 17    XL:     7   Next: 67%
Magic:  0/7        EV:  3    Int:  9    God:    Ru [*.....]
Gold:   262        SH: 10    Dex: 16    Spells: 6/6 levels left

rFire    . . .     SeeInvis .   a - +0 flail
rCold    + . .     Gourm    .   c - +0 shield
rNeg     . . .     Faith    .   n - +0 plate armour
rPois    .         Spirit   +   (helmet restricted)
rElec    .         Reflect  .   (no cloak)
rCorr    .         Harm     .   (no gloves)
MR       .....                  e - +0 pair of boots
Stlth    ..........             j - amulet of guardian spirit {Spirit}
HPRegen  0.18/turn              (no ring)
MPRegen  0.10/turn              (no ring)

@: no scrolls
A: antennae 1, thin skeletal structure 1, cold resistance 1, powered by death 1,
inability to read while threatened
a: Renounce Religion


You were on level 4 of the Dungeon.
You worshipped Ru.
Ru was aware of your devotion.
You were not hungry.

You visited 1 branch of the dungeon, and saw 5 of its levels.

You collected 262 gold pieces.

Inventory:

Hand Weapons
 a - a +0 flail (weapon)
Armour
 c - a +0 shield (worn)
 d - a +0 troll leather armour {Purgy}
   (You found it on level 4 of the Dungeon)
 e - a +0 pair of boots (worn)
   (You found it on level 1 of the Dungeon)
 n - a +0 plate armour (worn)
   (You found it on level 2 of the Dungeon)
 D - a scarf of repulsion
   (You found it on level 5 of the Dungeon)
Jewellery
 j - an amulet of guardian spirit (around neck) {Spirit}
   (You found it on level 1 of the Dungeon)
 q - an uncursed ring of ice {rC+, rF-}
   (You found it on level 3 of the Dungeon)
Wands
 r - a wand of disintegration (5)
   (You found it on level 3 of the Dungeon)
 y - a wand of flame (21)
   (You took it off Blork the orc on level 4 of the Dungeon)
Scrolls
 h - 2 scrolls of remove curse {unknown}
 i - 2 scrolls of fog {unknown}
 k - 6 scrolls of identify {unknown}
 l - 3 scrolls of teleportation {unknown}
 m - 4 scrolls of noise {unknown}
 o - a scroll of immolation {unknown}
 t - 2 scrolls of random uselessness {unknown}
 v - a scroll of enchant armour {unknown}
 x - a scroll of amnesia {unknown}
 A - a scroll of enchant weapon {unknown}
Potions
 b - a potion of brilliance {unknown}
 g - 4 potions of curing
 p - a potion of berserk rage {unknown}
 s - 4 potions of cancellation {unknown}
 u - 2 potions of degeneration {unknown}
 w - a potion of flight {unknown}
 z - a potion of heal wounds {unknown}
 B - a potion of resistance {unknown}
Comestibles
 f - 4 rations
 C - 7 chunks of flesh {@w0}


   Skills:
 + Level 4.9 Fighting
 * Level 5.2 Maces & Flails
 + Level 4.3 Armour
 + Level 4.4 Shields


You had 6 spell levels left.
You didn't know any spells.

Dungeon Overview and Level Annotations

Branches:
Dungeon (5/15)
 Temple: D:4-7

Altars:
Dithmenos
Gozag
Hepliaklqana
Makhleb
Nemelex Xobeh
Ru
Uskayaw

Portals:
Sewer: D:5

Annotations:
D:3 sankara's ghost, amateur HaFi


Innate Abilities, Weirdness & Mutations

You have a pair of small antennae on your head.
You have a somewhat thin skeletal structure. (Dex +2, Stealth)
Your flesh is cold resistant. (rC+)
You regenerate a little health from kills.
You cannot read scrolls while threatened.


Message History

You regained 2 hp, and now have 41/55 hp.
You see here a worm corpse.
You butcher the worm corpse.
C - 2 chunks of flesh {@w0} There isn't anything here!
You see here a worm corpse.
You butcher the worm corpse.
C - 5 chunks of flesh {@w0} (gained 3)
There isn't anything here!
You see here an iguana corpse.
You butcher the iguana corpse.
C - 8 chunks of flesh {@w0} (gained 3)
You see here an iguana skeleton.
Eating one of 8 chunks of flesh {@w0}.
You eat one of the 8 chunks of flesh {@w0}.
Okay, then.
A sky beast and a shadow imp come into view.
MP restored: 7 You see here a glowing scarf.
D - a glowing scarf The sky beast flickers out of sight!
Deactivating autopickup; reactivate with Ctrl-A.
You hear the slow rusting of a drain nearby.
Found a stone staircase leading up.
Something hits you but does no damage.
There is a stone staircase leading up here.
You miss something. Something hits you but does no damage.
You block the shadow imp's attack.
The shadow imp hits you but does no damage.
Something hits you but does no damage.
You closely miss the shadow imp. Something hits you but does no damage.
The shadow imp hits you but does no damage.
Your shield and plate armour prevent you from hitting the shadow imp.
Something hits you but does no damage.
The shadow imp hits you but does no damage.
You hit the shadow imp. You block something's attack.
The shadow imp begins to attack, but is stunned by your will!
You hit the shadow imp. Something completely misses you.
The shadow imp hits you but does no damage.
The shadow imp gestures at you. Pain shoots through your body!
You feel threatened and lose the ability to read scrolls!
Something hits you but does no damage.
You take 11 damage, and have 36/55 hp.
You now have 5/7 mp.
You closely miss the shadow imp. The shadow imp hits you.
Something hits you but does no damage.
You take 3 damage, and have 33/55 hp.
You now have 4/7 mp.
You closely miss the shadow imp. Something hits you. Something shocks you.
The shadow imp barely misses you.
You take 9 damage, and have 24/55 hp.
Your shield and plate armour prevent you from hitting the shadow imp.
The shadow imp grinds its teeth.
You block the shadow imp's attack. You block something's attack.
You closely miss the shadow imp. Something hits you but does no damage.
The shadow imp hits you but does no damage.
Your plate armour prevents you from hitting the shadow imp.
Something hits you but does no damage. The shadow imp gestures at you.
You struggle to resist.
The shadow imp begins to attack, but is stunned by your will!
A sky beast appears from thin air!
Reactivating autopickup.
The sky beast barely misses you.
You hit the shadow imp.
The sky beast hits you but does no damage.
The shadow imp hits you but does no damage.
You hit the shadow imp but do no damage.
The sky beast hits you but does no damage.
The shadow imp barely misses you.
You barely miss the shadow imp.
The sky beast flickers out of sight!
Deactivating autopickup; reactivate with Ctrl-A.
Something hits you but does no damage.
The shadow imp hits you but does no damage.
Something hits you. Something shocks you.
The shadow imp hits you but does no damage.
You take 7 damage, and have 18/55 hp.
You now have 3/7 mp.
You closely miss the shadow imp. You block the shadow imp's attack.
Something hits you but does no damage.
You hit the shadow imp but do no damage.
Something hits you.
* * * LOW HITPOINT WARNING * * *
Something shocks you.
* * * LOW HITPOINT WARNING * * *
You block the shadow imp's attack.
You take 7 damage, and have 11/55 hp.
You now have 2/7 mp.
The shadow imp hits you.
A sky beast appears from thin air!
Reactivating autopickup.
The sky beast hits you.
* * * LOW HITPOINT WARNING * * *
The sky beast shocks you.
* * * LOW HITPOINT WARNING * * *
You climb upwards.
There is a stone staircase leading down here.
You take 5 damage, and have 6/55 hp.
You now have 1/7 mp.
The sky beast flickers out of sight!
Deactivating autopickup; reactivate with Ctrl-A.
Something hits you but does no damage. The shadow imp gestures at you.
Pain shoots through your body!
You die...

#..........# #.....##.# #..#
#...[#.....# #.....##.######..#
#..........# #...(.##.........#
#.....<....# #.....#######..#.#
#.....####.####........####..#..
#........#.#....#.####.#.....#..
##..........#.##.#.##..>......#..
#...........#.##.#.##.........#..
..####.....##.##@#.#####......#<.
..# #.....##.##.#.#..........#..
..# #.....##.##5#.#.###......#..
..# #.[...##.##{#.#...#.#.#..#..
#.# ####.###...>..........#..#..
#.# #.######.#.#..........#.. #.#
#........#.#.#.#.........
#'##############.#.#.#...#.###..#
......##.........#.#.#..##.......


You could see a shadow imp.

Vanquished Creatures
  Purgy (D:4)
  A bullfrog (D:4)
  Blork the orc (D:4)
  A scorpion (D:3)
  2 howler monkeys
  A bullfrog skeleton (D:4)
  An orc wizard (D:4)
  2 orc priests (D:4)
  2 iguanas
  Natasha (thrice) (D:4)
  2 worker ants (D:4)
  2 howler monkey skeletons (D:4)
  3 gnolls (D:3)
  5 adders
  An ooze (D:2)
  An adder skeleton (D:4)
  6 worms
  A dart slug (D:2)
  4 leopard geckos
  4 orcs (D:4)
  A ball python (D:5)
  2 giant cockroaches (D:1)
  10 goblins
  10 hobgoblins
  7 jackals
  3 quokkas
  7 bats
  6 frilled lizards
  5 kobolds
  4 rats
99 creatures vanquished.

Notes
Turn   | Place    | Note
-------+----------+-------------------------------------------
     0 | D:1      | shakethe the Demonspawn Fighter began the quest for the Orb.
     0 | D:1      | Reached XP level 1. HP: 18/18 MP: 1/1
   138 | D:1      | Reached skill level 2 in Maces & Flails
   259 | D:1      | Gained mutation: Your flesh is cold resistant. (rC+) [demonic ancestry]
   259 | D:1      | Reached XP level 2. HP: 24/24 MP: 2/2
   632 | D:2      | Found a sparkling altar of Nemelex Xobeh.
   632 | D:2      | Found a shadowy altar of Dithmenos.
   632 | D:2      | Found a sacrificial altar of Ru.
   632 | D:2      | Found a hide-covered altar of Uskayaw.
   670 | D:2      | Became a worshipper of Ru the Awakened
   683 | D:2      | Gained mutation: You regenerate a little health from kills. [demonic ancestry]
   683 | D:2      | Reached XP level 3. HP: 21/29 MP: 3/3
   702 | D:2      | Reached skill level 3 in Armour
   702 | D:2      | Reached skill level 3 in Shields
  1007 | D:2      | Found a burning altar of Makhleb.
  1297 | D:1      | Reached skill level 3 in Maces & Flails
  1297 | D:1      | Gained mutation: You have a somewhat thin skeletal structure. (Dex +2, Stealth) [demonic ancestry]
  1297 | D:1      | Reached XP level 4. HP: 11/35 MP: 4/4
  2014 | D:2      | Found a hazy altar of Hepliaklqana.
  2345 | D:3      | Noticed sankara's ghost (amateur HaFi)
  2355 | D:3      | Reached XP level 5. HP: 34/42 MP: 5/5
  2717 | D:3      | Gained mutation: You cannot read scrolls while threatened. [Ru sacrifice]
  2717 | D:3      | Reached * piety under Ru
  2775 | D:3      | Found an opulent altar of Gozag.
  3007 | D:3      | Reached skill level 4 in Fighting
  3249 | D:3      | HP: 7/42 [sankara's ghost (5)]
  3537 | D:4      | Reached skill level 4 in Maces & Flails
  3537 | D:4      | Reached XP level 6. HP: 16/48 MP: 6/6
  3858 | D:4      | Noticed Natasha
  3869 | D:4      | Killed Natasha
  4228 | D:4      | Noticed Purgy
  4240 | D:4      | Killed Purgy
  4240 | D:4      | Reached skill level 4 in Armour
  4240 | D:4      | Reached skill level 4 in Shields
  4240 | D:4      | Gained mutation: You have a pair of small antennae on your head. [demonic ancestry]
  4240 | D:4      | Reached XP level 7. HP: 37/55 MP: 7/7
  4349 | D:4      | Noticed Blork the orc
  4357 | D:4      | Killed Blork the orc
  4513 | D:4      | Noticed Natasha
  4536 | D:4      | Killed Natasha
  4536 | D:4      | Reached skill level 5 in Maces & Flails
  4669 | D:4      | Noticed Natasha
  4676 | D:4      | Killed Natasha
  4800 | D:5      | Entered Level 5 of the Dungeon
  4804 | D:5      | Found a glowing drain.
  4867 | D:5      | HP: 11/55 [something (4)]
  4868 | D:5      | HP: 5/55 [sky beast (5)]
  4873 | D:4      | Killed from afar by a shadow imp

Skill      XL: |  1  2  3  4  5  6  7 |
---------------+----------------------+-----
Maces & Flails | 2 3 4 5 |  5.2
Armour         | 3 4 |  4.3
Shields        | 3 4 |  4.4
Fighting       | 4 |  4.9

Action                   |  1- 3 |  4- 6 |  7- 9 || total
-------------------------+-------+-------+-------++-------
Melee: Flail             |   152 |   334 |   106 ||   592
Invok: Sacrifice Words   |       |     1 |       ||     1
  Use: Potion            |       |     1 |       ||     1
  Eat: Chunk             |       |     4 |     3 ||     7
       Ration            |       |     2 |       ||     2
Armor: Chain mail        |    51 |       |       ||    51
       Scale mail        |     3 |       |       ||     3
       Plate armour      |    60 |   319 |    69 ||   448
Dodge: Dodged            |    26 |    49 |    18 ||    93
Block: Shield            |    86 |   263 |    50 ||   399

Vault maps used:
D:1:      moated_graveyard_arrival, minivault_4, minmay_bisected
D:2:      minmay_door_path, lemuel_round_altar,
          chequers_temple_overflow_statue_of_worship, minmay_misc_feat_rows,
          st_stairs_1, minivault_11, serial_bayou_ford_a, bloody_makhleb
D:3:      grunt_gozag_statues, gammafunk_temple_overflow_wave, first_ration,
          kennysheep_generic_room_8, uniq_sigmund
D:4:      uniq_natasha, uniq_purgy, uniq_blork_the_orc
D:5:      okawaru_metal_pillars_3, cheibrodos_sewer_entry_drain

Table legend:
 A = Turns spent in this place as a percentage of turns spent in the entire game.
 B = Non-inter-level travel turns spent in this place as a percentage of non-inter-level travel turns spent in the entire game.
 C = Inter-level travel turns spent in this place as a percentage of turns spent in this place.
 D = Turns resting spent in this place as a percentage of non-inter-level travel turns spent in this place.
 E = Turns spent auto-exploring this place as a percentage of non-inter-level travel turns spent in this place.
 F = Non-inter-level travel turns spent in this place divided by the number of levels of this place that you've seen.
                   A       B       C       D       E      F
               +-------+-------+-------+-------+-------+----------------------
         Total | 100.0 | 100.0 |   0.0 |  29.8 |  36.2 | 974.6
       Dungeon | 100.0 | 100.0 |   0.0 |  29.8 |  36.2 | 974.6
               +-------+-------+-------+-------+-------+----------------------

Table legend:
 A = Kills in this place as a percentage of kills in entire the game.
 B = Kills by you in this place as a percentage of kills by you in the entire game.
 C = Kills by friends in this place as a percentage of kills by friends in the entire game.
 D = Other kills in this place as a percentage of other kills in the entire game.
 E = Experience gained in this place as a percentage of experience gained in the entire game.
 F = Experience gained in this place divided by the number of levels of this place that you have seen.
                   A       B       C       D       E      F
               +-------+-------+-------+-------+-------+----------------------
         Total | 100.0 | 100.0 |   N/A |   N/A | 100.0 | 240.2
       Dungeon | 100.0 | 100.0 |   N/A |   N/A | 100.0 | 240.2
               +-------+-------+-------+-------+-------+----------------------
